[Event "Titled Tuesday Blitz February 21 Late 2023"]
[White "Salimova, Nurgyul"]
[Black "ArchibaldCerveza29"]
[WhiteFideId "2915138"]
[WhiteElo "2391"]
[BlackElo "2503"]
[Result "0-1"]
[Round "03"]
[TimeControl "180+2"]
[Date "2023.02.21"]
[WhiteClock "0:00:07"]
[BlackClock "0:01:10"]

1. d4 d5 2. Nf3 Nf6 3. c4 e6 4. Nc3 c6 5. Bg5 Nbd7 6. e3 Qa5 7. Bxf6 Nxf6 8. Nd2 Bb4 9. Qc2 O-O 10. Bd3 c5 11. dxc5 dxc4 12. Bxc4 Qxc5 13. a3 Bxc3 14. Qxc3 b6 15. Qb4 Qg5 16. O-O-O Bb7 17. Kb1 Rfd8 18. h4 Qxg2 19. Rhg1 Qxf2 20. Rgf1 Qxe3 21. Rfe1 Qf4 22. Rxe6 Qf5+ 23. Ka1 fxe6 24. Qe7 Bd5 25. Rf1 Qg6 26. h5 Qf7 0-1


[Site "https://www.chess.com"]

[Event "Titled Tuesday Blitz February 21 Late 2023"]
[White "Koutlas, Nikolaos"]
[Black "Koziorowicz, Michal"]
[WhiteFideId "25827138"]
[BlackFideId "21809194"]
[WhiteElo "2341"]
[BlackElo "2307"]
[Result "0-1"]
[Round "03"]
[TimeControl "180+2"]
[Date "2023.02.21"]
[WhiteClock "0:00:04"]
[BlackClock "0:01:23"]

1. e4 c5 2. Nf3 d6 3. d4 cxd4 4. Nxd4 Nf6 5. Nc3 g6 6. Be2 Bg7 7. Be3 O-O 8. O-O Nc6 9. Nb3 a5 10. a4 Be6 11. h3 Rc8 12. g4 Ne5 13. g5 Nfd7 14. Kg2 Nc4 15. Bxc4 Rxc4 16. f4 Bxc3 17. bxc3 Rxc3 18. Bd4 Bxh3+ 19. Kh2 Rxb3 20. Rf2 Rb4 21. Kxh3 Nc5 22. Re2 Ne6 23. Be3 Rxe4 24. Kg3 d5 25. Qd3 Qd6 26. Rf1 Rd8 27. Bd2 Rxe2 28. Qxe2 Nd4 29. Qd3 Nf5+ 30. Kg4 d4 31. Rh1 Qd5 32. Qh3 h5+ 33. gxh6 Kh7 34. Rg1 d3 35. cxd3 Qxd3 36. Qxd3 Rxd3 37. Bxa5 Nxh6+ 38. Kh4 Nf5+ 39. Kg4 Ra3 40. Bc7 Rxa4 41. Kf3 f6 42. Bd8 Kg7 43. Rb1 Ra3+ 44. Kf2 Rd3 45. Bc7 Rd7 46. Rxb7 Nd6 47. Rb1 Rxc7 48. Rd1 Kf7 49. Re1 Nf5 0-1


[Site "https://www.chess.com"]

[Event "Titled Tuesday Blitz February 21 Late 2023"]
[White "Horvath, Dominik"]
[Black "Buchenau, Frank"]
[WhiteFideId "1642561"]
[BlackFideId "4604350"]
[WhiteElo "2523"]
[BlackElo "2222"]
[Result "1-0"]
[Round "03"]
[TimeControl "180+2"]
[Date "2023.02.21"]
[WhiteClock "0:02:01"]
[BlackClock "0:00:13"]

1. f4 d5 2. Nf3 g6 3. g3 Bg7 4. Bg2 Nf6 5. O-O O-O 6. d3 c5 7. Nc3 d4 8. Ne4 Nxe4 9. dxe4 Nc6 10. e3 e5 11. exd4 cxd4 12. f5 gxf5 13. Nh4 f4 14. Nf5 Bxf5 15. exf5 fxg3 16. hxg3 Kh8 17. Qh5 Bf6 18. g4 Rg8 19. Rf3 Qf8 20. Rh3 Qg7 21. g5 Nb4 22. Rh2 Rac8 23. gxf6 1-0


[Site "https://www.chess.com"]

[Event "Titled Tuesday Blitz February 21 Late 2023"]
[White "Korchmar, Vasiliy"]
[Black "Krstulovic, Alex"]
[WhiteFideId "24131750"]
[BlackFideId "760056"]
[WhiteElo "2438"]
[BlackElo "2428"]
[Result "1-0"]
[Round "03"]
[TimeControl "180+2"]
[Date "2023.02.21"]
[WhiteClock "0:00:07"]
[BlackClock "0:00:01"]

1. e4 c5 2. Nf3 Nc6 3. d4 cxd4 4. Nxd4 Nf6 5. Nc3 e5 6. Ndb5 d6 7. Nd5 Nxd5 8. exd5 Nb8 9. a4 Be7 10. Be2 O-O 11. O-O Nd7 12. Kh1 a6 13. Na3 f5 14. f4 Rb8 15. Nc4 b5 16. axb5 axb5 17. Na5 Bb7 18. Bxb5 Nc5 19. fxe5 dxe5 20. Nc6 Bxc6 21. Bxc6 Bd6 22. Qh5 g6 23. Qh6 Rf7 24. Bg5 Qc7 25. b3 Ne4 26. Be3 Bf8 27. Qh3 f4 28. Ra7 fxe3 29. Rxf7 Nf2+ 30. Rxf2 Qxa7 31. Rf1 Qe7 32. Qxe3 Qd6 33. Qf3 Bg7 34. Qf7+ Kh8 35. Qe6 Qc5 36. c4 Rf8 37. Rxf8+ Qxf8 38. Qe8 Qxe8 39. Bxe8 e4 40. Kg1 Bd4+ 41. Kf1 Bc5 42. Ke2 Kg7 43. Bd7 Kf6 44. Kd2 Ke5 45. Kc3 h5 46. Be8 Bd4+ 47. Kd2 g5 48. Bxh5 Bc5 49. Kc3 Bd4+ 50. Kb4 Kd6 51. Kb5 Ba7 52. b4 Bd4 53. Be2 Be3 54. h3 Bf2 55. Bd1 Bg1 56. Bb3 Bd4 57. c5+ Kc7 58. Bc4 1-0


[Site "https://www.chess.com"]

[Event "Titled Tuesday Blitz February 21 Late 2023"]
[White "Kochetov, Andrey"]
[Black "Msellek, Ilyass"]
[WhiteFideId "24130532"]
[BlackFideId "675938"]
[WhiteElo "2165"]
[BlackElo "2420"]
[Result "0-1"]
[Round "03"]
[TimeControl "180+2"]
[Date "2023.02.21"]
[WhiteClock "0:00:03"]
[BlackClock "0:00:01"]

1. e4 c6 2. d4 d5 3. Nc3 dxe4 4. Nxe4 Nf6 5. Nxf6+ exf6 6. c3 Bd6 7. Bd3 O-O 8. Ne2 Re8 9. O-O Nd7 10. f4 Rb8 11. Ng3 c5 12. d5 b5 13. Nh5 Bf8 14. Qf3 c4 15. Bc2 Nb6 16. Rd1 Bb7 17. Qh3 g6 18. Qh4 gxh5 19. Qxh5 f5 20. Bxf5 Bg7 21. Bxh7+ Kf8 22. f5 Nxd5 23. Bg5 Qb6+ 24. Kh1 Ne3 25. Bxe3 Rxe3 26. Rd7 Bxg2+ 27. Kxg2 Qc6+ 28. Kf2 Qxd7 29. Kxe3 Re8+ 30. Kf2 Qd2+ 31. Kg1 Qe3+ 32. Kh1 Qe4+ 33. Kg1 Rd8 34. f6 Qe3+ 35. Kh1 Bxf6 36. Rf1 Ke7 37. Qg4 Rd2 38. Be4 Be5 39. Bg2 Qe2 40. Qf5 Qxg2# 0-1


[Site "https://www.chess.com"]

[Event "Titled Tuesday Blitz February 21 Late 2023"]
[White "Oro, Faustino"]
[Black "Arencibia Monduy, Antonio"]
[WhiteFideId "20000197"]
[BlackFideId "3507939"]
[WhiteElo "2269"]
[BlackElo "2122"]
[Result "1/2-1/2"]
[Round "03"]
[TimeControl "180+2"]
[Date "2023.02.21"]
[WhiteClock "0:00:09"]
[BlackClock "0:00:05"]

1. Nf3 Nf6 2. g3 g6 3. Bg2 Bg7 4. O-O O-O 5. d4 d6 6. c4 c6 7. Nc3 Nbd7 8. e4 e5 9. Re1 Re8 10. h3 Qc7 11. Be3 a6 12. Qc2 h6 13. Rad1 b6 14. d5 c5 15. a3 Rb8 16. Bf1 Nh7 17. b4 Rf8 18. Qc1 h5 19. Kh2 Bb7 20. Bd3 Rbe8 21. Ne2 Bc8 22. Neg1 f5 23. exf5 gxf5 24. Nh4 e4 25. Be2 Ne5 26. Bxh5 Re7 27. Ng6 Nxg6 28. Bxg6 Be5 29. Ne2 Rg7 30. Bxh7+ Rxh7 31. Bf4 Qg7 32. Qe3 Bd7 33. bxc5 bxc5 34. Rb1 Qg4 35. Ng1 Bxf4 36. Qxf4 Qxf4 37. gxf4 Ba4 38. Rb2 Re8 39. Ne2 Rhe7 40. Nc3 Bd7 41. Re3 Kh7 42. Rb1 Rg7 43. Rg1 Reg8 44. Rgg3 Rxg3 45. Rxg3 Rb8 46. Nd1 Rb1 47. Ne3 Rb2 48. Kg2 Ra2 49. h4 Ra1 50. Rg5 Rxa3 51. Nxf5 Bxf5 52. Rxf5 a5 53. Rf7+ Kg6 54. Rd7 Kf5 55. Rxd6 Kxf4 56. Re6 Rc3 57. d6 Rxc4 58. d7 Rd4 59. Ra6 Rxd7 60. Rxa5 Rc7 61. Ra1 c4 62. Rc1 c3 63. Rc2 e3 64. fxe3+ Kxe3 65. h5 Kd3 66. Rc1 Rc4 67. Kg3 c2 68. Rh1 c1=Q 69. Rxc1 Rxc1 70. Kg4 Rc5 71. h6 Ke4 72. h7 Rc1 73. Kg5 Rg1+ 74. Kf6 Rh1 75. Kg7 Rg1+ 76. Kf7 Rf1+ 77. Kg7 Rg1+ 78. Kf7 Rf1+ 79. Kg7 Rh1 80. h8=Q Rxh8 81. Kxh8 1/2-1/2


[Site "https://www.chess.com"]

[Event "Titled Tuesday Blitz February 21 Late 2023"]
[White "Solon, Nathan"]
[Black "reevecanada"]
[WhiteFideId "2017229"]
[WhiteElo "2306"]
[BlackElo "2441"]
[Result "1/2-1/2"]
[Round "03"]
[TimeControl "180+2"]
[Date "2023.02.21"]
[WhiteClock "0:00:12"]
[BlackClock "0:00:16"]

1. Nf3 d5 2. g3 Nf6 3. Bg2 e6 4. O-O c5 5. c4 Bd6 6. d4 O-O 7. cxd5 Nxd5 8. e4 Nc7 9. Nc3 Nc6 10. Be3 b6 11. dxc5 Bxc5 12. Bxc5 bxc5 13. Rc1 Na6 14. Na4 Qe7 15. a3 Bb7 16. Qc2 Nd4 17. Nxd4 cxd4 18. e5 Bxg2 19. Kxg2 Qd7 20. Nc5 Qd5+ 21. Qe4 Qxe4+ 22. Nxe4 Rac8 23. Nd6 Rxc1 24. Rxc1 h6 25. f4 d3 26. Kf3 f6 27. Ke3 fxe5 28. fxe5 Kh7 29. Kxd3 Rf3+ 30. Ke4 Rf2 31. b4 Rxh2 32. Rc6 Nb8 33. Rc7 a6 34. Ne8 Re2+ 35. Kd4 Rd2+ 36. Ke3 Rd7 37. Rxd7 Nxd7 38. Kd4 Kg6 39. Nc7 Kf5 40. Nxa6 Nxe5 41. Nc5 Nc6+ 42. Ke3 Ke5 43. b5 Nb8 44. a4 Kd5 45. Nd3 Kc4 46. Ke4 g5 47. Ne5+ Kc5 48. Nf7 Kb4 49. Ke5 Kxa4 50. b6 Kb5 51. b7 Kc6 52. Kxe6 Kxb7 53. Nxh6 Kc6 54. Nf7 g4 55. Ne5+ Kc7 56. Nxg4 Kd8 57. Nf6 Nc6 58. g4 Ne7 59. g5 Ng6 60. Kf7 Nh4 61. Ng4 Kd7 62. Ne5+ Kd6 63. Ng6 Nf3 64. Kf6 Nxg5 1/2-1/2


[Site "https://www.chess.com"]

[Event "Titled Tuesday Blitz February 21 Late 2023"]
[White "Poeta, Caio Medeiros"]
[Black "Fus, Jakub"]
[WhiteFideId "2142660"]
[BlackFideId "1193023"]
[WhiteElo "2088"]
[BlackElo "2417"]
[Result "0-1"]
[Round "03"]
[TimeControl "180+2"]
[Date "2023.02.21"]
[WhiteClock "0:01:01"]
[BlackClock "0:01:25"]

1. d4 Nf6 2. c4 e6 3. g3 Bb4+ 4. Bd2 a5 5. Nf3 b6 6. Bg2 Bb7 7. O-O O-O 8. Qc2 Be4 9. Qc1 Na6 10. a3 Bxd2 11. Nbxd2 Bb7 12. Qc2 d6 13. e4 Qe8 14. Ne1 e5 15. d5 a4 16. Nd3 Nc5 17. f4 Nxd3 18. Qxd3 Nd7 19. Rae1 Qe7 20. Nf3 Rfd8 21. fxe5 dxe5 22. Qc3 Re8 23. Nh4 g6 24. Rf2 Nc5 25. Ref1 Rf8 26. Qd2 f6 27. Qh6 Qg7 28. Qe3 Rad8 29. Bh3 Ba6 30. Rc1 Kh8 31. Nf3 Nb3 32. Rc3 h5 33. Nd2 Nc5 34. Nf3 Kh7 35. Rc1 Qh6 36. Qxh6+ Kxh6 37. Rc3 Nxe4 0-1


[Site "https://www.chess.com"]

[Event "Titled Tuesday Blitz February 21 Late 2023"]
[White "Gasparyan, David"]
[Black "Mendonca, Mateus Nakajo"]
[WhiteFideId "13311980"]
[BlackFideId "2110954"]
[WhiteElo "2142"]
[BlackElo "2410"]
[Result "0-1"]
[Round "03"]
[TimeControl "180+2"]
[Date "2023.02.21"]
[WhiteClock "0:00:22"]
[BlackClock "0:00:32"]

1. Nf3 Nf6 2. d4 d5 3. c4 c6 4. e3 e6 5. Nc3 Nbd7 6. cxd5 exd5 7. Bd3 Bd6 8. Rb1 a5 9. a3 Qe7 10. O-O O-O 11. Re1 Ne4 12. Qc2 f5 13. Bd2 g5 14. b4 axb4 15. axb4 g4 16. Ne5 Nxe5 17. dxe5 Bxe5 18. Bxe4 fxe4 19. g3 Be6 20. b5 Qf6 21. Re2 Rfc8 22. bxc6 Rxc6 23. Qb3 Bxc3 24. Qxb7 Rac8 25. Bxc3 Rxc3 26. Ree1 Rc2 27. Rf1 Rf8 28. f4 gxf3 29. Rf2 Rxf2 30. Kxf2 Qh6 31. h4 d4 32. Qxe4 dxe3+ 33. Qxe3 Qxe3+ 34. Kxe3 f2 35. Rf1 Bh3 36. Rxf2 Rxf2 37. Kxf2 h5 38. Kf3 Kg7 39. Ke4 Kf6 40. Kf4 Bf5 41. Kf3 Ke5 42. Ke3 Bg4 43. Kf2 Ke4 44. Kf1 Kf3 45. Kg1 Kxg3 46. Kh1 Kxh4 47. Kh2 Kg5 48. Kg3 h4+ 49. Kg2 Kf4 50. Kh2 h3 51. Kg1 Kg3 52. Kh1 Bf3+ 53. Kg1 h2+ 0-1


[Site "https://www.chess.com"]

[Event "Titled Tuesday Blitz February 21 Late 2023"]
[White "Soham Kamotra"]
[Black "Mujumdar, Sameer"]
[WhiteFideId "46647490"]
[BlackFideId "2029707"]
[WhiteElo "2319"]
[BlackElo "1992"]
[Result "1-0"]
[Round "03"]
[TimeControl "180+2"]
[Date "2023.02.21"]
[WhiteClock "0:02:05"]
[BlackClock "0:01:53"]

1. Nf3 g6 2. g3 Bg7 3. Bg2 c5 4. O-O Nc6 5. c4 Nf6 6. Nc3 O-O 7. d4 cxd4 8. Nxd4 d6 9. Nxc6 bxc6 10. Bxc6 Bh3 11. Bxa8 Qxa8 12. f3 Rc8 13. Qd3 Nd7 14. b3 Ne5 15. Qe3 d5 16. Nxd5 Qb7 17. Bb2 Nxc4 18. Nxe7+ Kf8 19. Bxg7+ Kxg7 20. Qd4+ 1-0


[Site "https://www.chess.com"]

[Event "Titled Tuesday Blitz February 21 Late 2023"]
[White "Chernomordik, Pavel"]
[Black "Aydincelebi, Kagan"]
[WhiteFideId "2804530"]
[BlackFideId "6361102"]
[WhiteElo "2150"]
[BlackElo "2280"]
[Result "0-1"]
[Round "03"]
[TimeControl "180+2"]
[Date "2023.02.21"]
[WhiteClock "0:00:06"]
[BlackClock "0:00:16"]

1. e4 c5 2. Nc3 Nc6 3. Bb5 Nd4 4. Bc4 e6 5. Nge2 Ne7 6. O-O Nec6 7. d3 Be7 8. a4 O-O 9. f4 d6 10. Be3 a6 11. Ng3 Rb8 12. Nce2 b5 13. axb5 axb5 14. Ba2 b4 15. c3 Nxe2+ 16. Nxe2 bxc3 17. bxc3 Rb2 18. Bc1 Rb8 19. f5 d5 20. exd5 exd5 21. Nf4 Bxf5 22. Nxd5 Be6 23. Nxe7+ Qxe7 24. Re1 Qf6 25. Bxe6 fxe6 26. Be3 Rb2 27. Rf1 Qxf1+ 28. Qxf1 Rxf1+ 29. Kxf1 Ne5 30. Bxc5 Nxd3 31. Bd4 e5 32. Rd1 e4 33. Be3 Rc2 34. Bd2 Nb2 35. Re1 Rxd2 36. Rxe4 Rc2 37. Re3 Nd1 38. Re8+ Kf7 39. Rd8 Ne3+ 40. Ke1 Nxg2+ 41. Kd1 Ne3+ 42. Ke1 Rxh2 0-1


[Site "https://www.chess.com"]

[Event "Titled Tuesday Blitz February 21 Late 2023"]
[White "Nilsson, Joakim"]
[Black "Alex_Sahakyan2006"]
[WhiteFideId "1723383"]
[WhiteElo "2188"]
[BlackElo "2654"]
[Result "1-0"]
[Round "03"]
[TimeControl "180+2"]
[Date "2023.02.21"]
[WhiteClock "0:01:14"]
[BlackClock "0:00:02"]

1. d4 Nf6 2. Bf4 g6 3. Nc3 Bg7 4. e4 d6 5. Qd2 h5 6. O-O-O c6 7. f3 b5 8. Kb1 a5 9. e5 dxe5 10. Bxe5 b4 11. Ne4 Nxe4 12. fxe4 Bxe5 13. dxe5 Qxd2 14. Rxd2 Ba6 15. Nf3 Bxf1 16. Rxf1 e6 17. Ng5 Ra7 18. Rd6 O-O 19. Rfd1 Kg7 20. Kc1 Rc8 21. h4 Rcc7 22. Rd8 Nd7 23. Nf3 Nc5 24. Ng5 Rd7 25. R1xd7 Rxd7 26. Rc8 Rd4 27. Rxc6 Nxe4 28. Nf3 Rd5 29. Rc4 Nf2 30. b3 Rd1+ 31. Kb2 Rh1 32. a3 Nd1+ 33. Ka2 Nc3+ 34. Rxc3 bxc3 35. b4 a4 36. b5 Rc1 37. Nd4 Rd1 38. Nc6 Rd5 39. b6 Rb5 40. Nb4 Rxb6 41. Kb1 g5 42. hxg5 Kg6 43. Kc1 Kxg5 44. Na2 Rc6 45. Nb4 Rc5 46. Nd3 Rd5 47. Ne1 Kf4 48. Nd3+ Rxd3 49. cxd3 Kxe5 50. Kc2 Kd4 51. g3 f5 52. g4 fxg4 53. Kd1 Kxd3 54. Ke1 c2 55. Kf2 c1=Q 56. Kg3 Qe1+ 57. Kf4 1-0


[Site "https://www.chess.com"]

[Event "Titled Tuesday Blitz February 21 Late 2023"]
[White "Manukyan, Sargis V."]
[Black "Averjanov, Alexey"]
[WhiteFideId "13303465"]
[BlackFideId "14109867"]
[WhiteElo "2253"]
[BlackElo "2399"]
[Result "1/2-1/2"]
[Round "03"]
[TimeControl "180+2"]
[Date "2023.02.21"]
[WhiteClock "0:00:18"]
[BlackClock "0:00:06"]

1. Nf3 d5 2. g3 Nf6 3. d4 e6 4. Bg2 Be7 5. O-O O-O 6. c4 c6 7. Nc3 Nbd7 8. b3 b6 9. Bb2 Bb7 10. Rc1 c5 11. cxd5 Nxd5 12. Nxd5 Bxd5 13. Re1 cxd4 14. Qxd4 Bf6 15. Qd2 Bxb2 16. Qxb2 Rc8 17. Red1 Qf6 18. Qxf6 Nxf6 19. Ne5 Rfd8 20. Bxd5 Nxd5 21. Nc6 Re8 22. Rxd5 Rxc6 23. Rxc6 exd5 24. Kf1 h6 25. Rc7 a6 26. Rd7 Rc8 27. Rxd5 Rc1+ 28. Kg2 Rc2 29. a4 Rb2 30. a5 Rxb3 31. Rd8+ Kh7 32. Rb8 Rb5 33. axb6 a5 34. b7 a4 35. e3 a3 36. h4 h5 37. Ra8 Rxb7 38. Rxa3 g6 39. Kf3 Kg7 40. Ra6 Rb4 41. Rd6 Rc4 42. Rd4 Rc3 43. g4 hxg4+ 44. Kxg4 Rc2 45. Rf4 Rc5 46. f3 Rb5 47. Rd4 Rb3 48. e4 Rb5 49. Rd5 Rb1 50. h5 Rg1+ 51. Kf4 gxh5 52. Rxh5 Kf6 53. Rh6+ Ke7 54. Rh5 Kf6 55. Rf5+ Ke6 56. Ra5 Kf6 57. Ra6+ Kg7 58. Kf5 Rb1 59. f4 Rb5+ 60. e5 Rc5 61. Ra1 Rc6 62. Rg1+ Kf8 63. Rh1 Kg7 64. Rh2 Rb6 65. Rh5 Ra6 66. Rg5+ Kf8 67. Rg3 Rb6 68. Re3 Kg7 69. Re1 Ra6 70. e6 fxe6+ 71. Rxe6 Ra5+ 72. Re5 Ra6 73. Re7+ Kf8 74. Rd7 Ra5+ 75. Kg4 Ke8 76. Rc7 Kf8 77. f5 Ra6 78. Kg5 Rb6 79. Rh7 Kg8 80. Re7 Kf8 81. Re2 Ra6 82. Rh2 Kg7 83. Rb2 Ra7 84. Rb6 Rc7 85. Rh6 Rc5 86. Rg6+ Kf7 87. Rd6 Ra5 88. Rd7+ Ke8 89. Rh7 Kf8 90. Kg6 Kg8 91. f6 Ra6 92. Rg7+ Kh8 93. Re7 Ra8 94. Kf7 Kh7 95. Re8 Ra7+ 96. Re7 Ra8 97. Rd7 Rb8 98. Rc7 Ra8 99. Rb7 Rc8 100. Ke7 Kg6 101. f7 Kg7 102. Rd7 Rf8 103. Ke6 Kg6 104. Rd2 Rb8 105. Rg2+ Kh7 106. Rf2 Kg7 107. Rg2+ Kh7 108. Kf6 Rb6+ 109. Ke5 Rb8 110. Ke6 Rb6+ 111. Kd5 Rb8 112. Kd6 Rb6+ 113. Kd7 Rb7+ 114. Ke8 Rb8+ 115. Ke7 Rb7+ 116. Ke6 Rb6+ 117. Kd5 Rf6 118. Rh2+ Kg7 119. Re2 Kxf7 120. Re4 1/2-1/2


[Site "https://www.chess.com"]

[Event "Titled Tuesday Blitz February 21 Late 2023"]
[White "Delorme, Axel"]
[Black "Ozer, Omer Faruk"]
[WhiteFideId "632023"]
[BlackFideId "6354564"]
[WhiteElo "2483"]
[BlackElo "2360"]
[Result "0-1"]
[Round "03"]
[TimeControl "180+2"]
[Date "2023.02.21"]
[WhiteClock "0:00:06"]
[BlackClock "0:01:54"]

1. e4 c5 2. Nf3 e6 3. b3 b6 4. d4 cxd4 5. Nxd4 Bb7 6. Bd3 Nc6 7. Bb2 Nf6 8. Nd2 Qb8 9. O-O Bd6 10. h3 Bh2+ 11. Kh1 Be5 12. N2f3 Nxd4 13. Nxd4 Nxe4 14. Qe2 f5 15. Bxe4 fxe4 16. Rad1 O-O 17. Ba3 Rf7 18. Nb5 d5 19. Nd4 Qe8 20. c4 Rd8 21. Qh5 Bxd4 22. Rxd4 e5 23. Rd2 d4 24. Re1 e3 25. Rde2 Rxf2 26. Qxe8+ Rxe8 27. Rxf2 exf2 28. Rf1 e4 29. Rxf2 e3 0-1


[Site "https://www.chess.com"]

[Event "Titled Tuesday Blitz February 21 Late 2023"]
[White "Gascon Del Nogal, Jose Rafael"]
[Black "Rengifo Blancas, Renzo Jhonathan"]
[WhiteFideId "3902463"]
[BlackFideId "3807185"]
[WhiteElo "2459"]
[BlackElo "2131"]
[Result "1-0"]
[Round "03"]
[TimeControl "180+2"]
[Date "2023.02.21"]
[WhiteClock "0:00:10"]
[BlackClock "0:00:06"]

1. e4 e5 2. Nf3 Nc6 3. Bc4 Bc5 4. c3 Nf6 5. d3 a6 6. O-O O-O 7. h3 Ba7 8. Nbd2 d5 9. exd5 Nxd5 10. Re1 Re8 11. d4 b5 12. Bb3 f6 13. dxe5 Nxe5 14. Nxe5 Rxe5 15. Rxe5 fxe5 16. Nf3 c6 17. Nxe5 Bb7 18. Be3 Bxe3 19. fxe3 Qg5 20. Qd4 Re8 21. Nxc6 Bxc6 22. e4 Rd8 23. Rd1 h6 24. exd5 Bd7 25. d6+ Kh8 26. Qd3 Re8 27. Bc2 Qe3+ 28. Qxe3 Rxe3 29. Kf2 Re8 30. Re1 Rf8+ 31. Kg3 Rd8 32. Re7 Bc6 33. Rc7 Bd5 34. b3 Rxd6 35. Rc8+ Bg8 36. c4 bxc4 37. bxc4 Rd2 38. Bb3 Kh7 39. Rc6 Rd3+ 40. Kf4 a5 41. Bc2 g5+ 42. Ke5 Kg7 43. Bxd3 g4 44. Rc7+ Kf8 45. Kf6 h5 46. Rc8# 1-0


[Site "https://www.chess.com"]

[Event "Titled Tuesday Blitz February 21 Late 2023"]
[White "Rodriguez Fontecha, Marcos"]
[Black "Mihajlov, Sebastian"]
[WhiteFideId "2256576"]
[BlackFideId "1512110"]
[WhiteElo "2309"]
[BlackElo "2373"]
[Result "1-0"]
[Round "03"]
[TimeControl "180+2"]
[Date "2023.02.21"]
[WhiteClock "0:00:58"]
[BlackClock "0:01:00"]

1. Nf3 b5 2. a4 b4 3. a5 c5 4. g3 Bb7 5. Bg2 a6 6. O-O Nf6 7. d4 c4 8. Ne5 Bxg2 9. Kxg2 Qc7 10. e4 d6 11. Nf3 Nxe4 12. Re1 Nf6 13. Nbd2 e6 14. Qe2 d5 15. Ne5 Bd6 16. Ndf3 O-O 17. b3 cxb3 18. cxb3 Ne4 19. Bf4 Nc6 20. Nd3 Bxf4 21. Nxf4 Nxa5 22. Rec1 Nc3 23. Qc2 Nc6 24. Ne2 Nxe2 25. Qxc6 Qb8 26. Rc2 Nc3 27. Rxa6 Rc8 28. Rxa8 Qxa8 29. Qd6 Qa3 30. Rxc3 1-0


[Site "https://www.chess.com"]

[Event "Titled Tuesday Blitz February 21 Late 2023"]
[White "Ozdemir, Serhan Berat"]
[Black "Risteski, Emil"]
[WhiteFideId "6374611"]
[BlackFideId "15005267"]
[WhiteElo "2223"]
[BlackElo "2366"]
[Result "0-1"]
[Round "03"]
[TimeControl "180+2"]
[Date "2023.02.21"]
[WhiteClock "0:00:03"]
[BlackClock "0:01:02"]

1. e4 d6 2. d4 Nf6 3. Nc3 e5 4. Nge2 Be7 5. h3 O-O 6. g4 b5 7. a3 Bb7 8. Bg2 a5 9. Ng3 b4 10. Nce2 exd4 11. Nxd4 Re8 12. O-O Bf8 13. Re1 h6 14. g5 hxg5 15. Bxg5 Nbd7 16. Nh5 g6 17. Nxf6+ Nxf6 18. e5 Rxe5 19. Rxe5 Bxg2 20. Re3 Bb7 21. axb4 axb4 22. Rxa8 Bxa8 23. Nf3 Bg7 24. Qd4 c5 25. Qf4 Bb7 26. Qh4 d5 27. Ne5 d4 28. Ng4 dxe3 29. Nxf6+ Bxf6 30. Bxf6 Qd1+ 31. Kh2 Qh1+ 32. Kg3 Qf3+ 33. Kh2 Qg2# 0-1


[Site "https://www.chess.com"]

[Event "Titled Tuesday Blitz February 21 Late 2023"]
[White "Klose, Eli"]
[Black "Tymrakiewicz, Rafal"]
[WhiteFideId "16242955"]
[BlackFideId "1108832"]
[WhiteElo "1519"]
[BlackElo "2144"]
[Result "0-1"]
[Round "03"]
[TimeControl "180+2"]
[Date "2023.02.21"]
[WhiteClock "0:00:13"]
[BlackClock "0:00:10"]

1. e4 Nf6 2. e5 Nd5 3. Nc3 Nxc3 4. dxc3 d5 5. Nf3 Bg4 6. Be2 c5 7. Bf4 e6 8. Qd2 Nc6 9. h3 Bxf3 10. Bxf3 c4 11. O-O Be7 12. b3 b5 13. a4 a6 14. Rfe1 O-O 15. Bg3 Bg5 16. Bf4 Be7 17. Qe2 Rc8 18. Red1 Qb6 19. Be3 Bc5 20. Bxc5 Qxc5 21. b4 Qb6 22. g3 Qc7 23. Re1 Rfd8 24. Bg2 d4 25. axb5 axb5 26. Ra6 Ne7 27. cxd4 Rxd4 28. f4 Rcd8 29. Rea1 g6 30. Ra8 Rxa8 31. Rxa8+ Rd8 32. Rxd8+ Qxd8 33. Qe3 Nf5 34. Qf2 Qd4 35. Qxd4 Nxd4 36. Be4 Kg7 37. Kf2 f5 38. exf6+ Kxf6 39. Ke3 Nf5+ 40. Kf3 Ne7 41. Ke3 Nf5+ 42. Bxf5 Kxf5 43. g4+ Kf6 44. Kd4 g5 45. Ke4 gxf4 46. Kxf4 h6 47. h4 e5+ 48. Ke4 Ke6 49. g5 hxg5 50. hxg5 c3 51. Kd3 Kf5 52. Ke3 Kxg5 53. Ke4 Kf6 54. Kd3 Kf5 55. Kxc3 Kf4 56. Kd3 Kf3 57. c4 e4+ 58. Kd4 e3 59. cxb5 e2 60. b6 e1=Q 61. Kc5 Qc3+ 62. Kb5 Qd3+ 63. Kc6 Qe4+ 64. Kc7 Qc4+ 65. Kb8 Qg8+ 66. Ka7 Qa2+ 67. Kb8 Ke4 68. b7 Kd5 69. Kc8 Qa6 70. Kc7 Qd6+ 71. Kc8 Qc6+ 72. Kb8 Kd6 73. Ka8 Qa4+ 74. Kb8 Kc6 75. Kc8 Qa6 76. b5+ Kxb5 77. Kc7 Qc6+ 78. Kb8 Kb6 79. Ka8 Qxb7# 0-1


[Site "https://www.chess.com"]

[Event "Titled Tuesday Blitz February 21 Late 2023"]
[White "Jovic, Stanoje"]
[Black "Mustafayev, Farid"]
[WhiteFideId "905020"]
[BlackFideId "13408771"]
[WhiteElo "2075"]
[BlackElo "2316"]
[Result "0-1"]
[Round "03"]
[TimeControl "180+2"]
[Date "2023.02.21"]
[WhiteClock "0:00:06"]
[BlackClock "0:00:20"]

1. c4 Nf6 2. g3 g6 3. Bg2 Bg7 4. Nc3 O-O 5. Nf3 d6 6. O-O Nc6 7. d3 Rb8 8. Rb1 a6 9. b4 b5 10. cxb5 axb5 11. Qc2 Bd7 12. h3 Qc8 13. Kh2 e5 14. Be3 Ne7 15. Rfc1 Nf5 16. Bg5 c6 17. Ne4 Nxe4 18. dxe4 h6 19. exf5 hxg5 20. fxg6 Bf5 21. gxf7+ Rxf7 22. e4 Bg6 23. Nxg5 Rf8 24. Qxc6 Qxc6 25. Rxc6 Rxf2 26. a4 bxa4 27. Kg1 Rd2 28. Rc4 a3 29. Ra1 a2 30. h4 Rb2 31. Bf1 Ra8 32. Rcc1 Rxb4 33. Bc4+ Kh8 34. Rxa2 Rc8 35. Rac2 Bh6 36. Bd5 Rxc2 37. Rxc2 Bxg5 38. hxg5 Bxe4 39. Rc8+ Kg7 40. Rg8+ Kh7 41. g6+ Bxg6 42. Rd8 Rb6 43. Rd7+ Kh6 44. Kf2 Kg5 45. Rg7 Kf6 46. Rd7 Bf5 47. Rd8 Ke7 48. Ra8 Rb5 49. Bf3 e4 50. Be2 Rb3 51. Ra5 Kf6 52. g4 Be6 53. g5+ Kg6 54. Ra6 Kxg5 55. Rxd6 Bf5 56. Rd1 Kf4 57. Rh1 e3+ 58. Ke1 Rb1+ 59. Bd1 Bg4 0-1


[Site "https://www.chess.com"]

[Event "Titled Tuesday Blitz February 21 Late 2023"]
[White "Panesso Rivera, Henry"]
[Black "Dzida, Kamil"]
[WhiteFideId "4402707"]
[BlackFideId "21828652"]
[WhiteElo "2342"]
[BlackElo "2352"]
[Result "1-0"]
[Round "03"]
[TimeControl "180+2"]
[Date "2023.02.21"]
[WhiteClock "0:00:11"]
[BlackClock "0:00:12"]

1. Nf3 Nf6 2. g3 b6 3. Bg2 Bb7 4. b3 c5 5. Bb2 e6 6. c4 Be7 7. O-O O-O 8. d4 cxd4 9. Qxd4 d6 10. Rd1 Nbd7 11. Nc3 a6 12. h3 Qc7 13. Rac1 Rac8 14. Kh1 Rfd8 15. g4 Ne5 16. g5 Nfd7 17. h4 Nxf3 18. exf3 Ne5 19. Na4 Bf8 20. Rc3 Bc6 21. f4 Ng6 22. h5 Bxg2+ 23. Kxg2 Nh4+ 24. Kh3 Nf5 25. Qxb6 Qe7 26. f3 g6 27. Re1 h6 28. Qf2 hxg5 29. Rg1 Bh6 30. hxg6 Kg7 31. Rcc1+ f6 32. fxg5 Rh8 33. gxh6+ Rxh6+ 34. Kg2 Rch8 35. Kf1 Rh2 36. Rg2 Rh1+ 37. Rg1 R8h2 38. Rxh1 Rxf2+ 39. Kxf2 Qa7+ 40. c5 dxc5 41. Rh7+ Kxg6 42. Rxa7 1-0


[Site "https://www.chess.com"]

[Event "Titled Tuesday Blitz February 21 Late 2023"]
[White "Kanakaris, Georgios"]
[Black "Miszler, Levente"]
[WhiteFideId "4209460"]
[BlackFideId "763276"]
[WhiteElo "2391"]
[BlackElo "2271"]
[Result "1/2-1/2"]
[Round "03"]
[TimeControl "180+2"]
[Date "2023.02.21"]
[WhiteClock "0:00:17"]
[BlackClock "0:00:10"]

1. e4 e6 2. Qe2 g6 3. Nf3 Bg7 4. g3 Ne7 5. Bg2 O-O 6. O-O d5 7. d4 dxe4 8. Qxe4 Nf5 9. c3 Nc6 10. Na3 Nd6 11. Qe2 Re8 12. Ne5 Bd7 13. Nxc6 Bxc6 14. Bxc6 bxc6 15. Nc4 Nxc4 16. Qxc4 Qd5 17. Qe2 c5 18. dxc5 Qxc5 19. Be3 Qc6 20. Rfd1 a5 21. Rd3 Red8 22. Rad1 Rxd3 23. Qxd3 a4 24. Qd8+ Rxd8 25. Rxd8+ Bf8 26. Bh6 Qd6 27. Rxf8+ Qxf8 28. Bxf8 Kxf8 29. f4 Ke7 30. Kf2 Kd6 31. Ke3 e5 32. Ke4 f5+ 33. Ke3 e4 34. b3 axb3 35. axb3 Kd5 36. h4 Kc5 37. Kd2 Kb5 38. Ke2 h6 39. Ke3 c5 40. Kd2 Kc6 41. Ke3 Kb5 42. g4 fxg4 43. h5 gxh5 44. f5 Kc6 45. b4 cxb4 46. cxb4 h4 47. b5+ Kd7 48. b6 h3 49. b7 Kc7 50. f6 h2 51. f7 h1=Q 52. b8=Q+ Kxb8 53. f8=Q+ Kb7 54. Qe7+ Kc6 55. Qe6+ Kc5 56. Qe5+ Kc6 57. Qe6+ Kc7 58. Qe7+ Kb6 59. Qd6+ Kb7 60. Qd7+ Kb6 61. Qd6+ Kb7 62. Qd7+ Kb6 63. Qd6+ 1/2-1/2


[Site "https://www.chess.com"]